 Dungeon Crawl Stone Soup version 0.23.0 (webtiles) character file.

Game seed: 1315205106381860123

93 doot the Digger (level 4, -1/24 HPs)
             Began as a Gargoyle Earth Elementalist on Feb 19, 2019.
             Killed from afar by Ijyb (5 damage)
             ... with a wand of acid (7)
             ... on level 4 of the Dungeon.
             The game lasted 00:04:19 (1001 turns).

doot the Digger (Gargoyle Earth Elementalist)       Turns: 1001, Time: 00:04:20

Health: -1/24      AC:  5    Str: 11    XL:     4   Next: 62%
Magic:  3/8        EV: 12    Int: 17    God:
Gold:   83         SH:  0    Dex: 10    Spells: 5/9 levels left

rFire    . . .     SeeInvis .   g - +0 mace
rCold    . . .     Gourm    +   (no shield)
rNeg     + . .     Faith    .   c - +0 robe
rPois    ∞         Spirit   .   (no helmet)
rElec    +         Reflect  .   (no cloak)
rCorr    .         Harm     .   (no gloves)
MR       .....                  (no boots)
Stlth    ++........             f - amulet of the gourmand
HPRegen  0.08/turn              (no ring)
MPRegen  0.11/turn              (no ring)

@: no status effects
A: negative energy resistance 1, electricity resistance, unbreathing,
petrification resistance, rot immunity, AC +3
a: no special abilities


You were on level 4 of the Dungeon.
You were not hungry.

You visited 1 branch of the dungeon, and saw 5 of its levels.

You collected 83 gold pieces.

Inventory:

Hand Weapons
 g - a +0 mace (weapon)
Missiles
 a - 20 stones (quivered)
Armour
 c - a +0 robe (worn)
Jewellery
 f - an amulet of the gourmand (around neck)
Scrolls
 h - 2 scrolls of identify {unknown}
Comestibles
 d - 3 rations


   Skills:
 + Level 1.9 Dodging
 + Level 2.5 Stealth
 + Level 3.0 Spellcasting
   Level 0.7 Transmutations
 + Level 5.0 Earth Magic


You had 5 spell levels left.
You knew the following spells:

 Your Spells              Type           Power        Failure   Level  Hunger
a - Sandblast             Erth           ###...       2%          1    None
b - Stone Arrow           Conj/Erth      ##....       19%         3    ###....

Your spell library contained the following spells:

 Spells                   Type           Power        Failure   Level  Hunger
 Passwall                 Tmut/Erth      ##......     9%          2    ##.....
 Petrify                  Tmut/Erth      ##......     47%         4    ####...
 Lee's Rapid Deconstruct  Erth           ###.......   52%         5    ######.


Dungeon Overview and Level Annotations

Branches:
Dungeon (5/15)
 Temple: D:4-7

Altars:

Annotations:
D:4 Ijyb


Innate Abilities, Weirdness & Mutations

You are resistant to torment.
Your stone body is resilient. (AC +3)
You are immune to poison.
You resist negative energy. (rN+)
You are resistant to electric shocks. (rElec)
You can survive without breathing.
You are immune to petrification.
You are immune to rotting.


Message History

* * * LOW HITPOINT WARNING * * *
The leopard gecko barely misses you. The orc wizard casts a spell at you.
The magic dart hits you.
* * * LOW HITPOINT WARNING * * *
The orc wizard casts a spell.
The orc wizard blinks!
Ijyb shouts!
The orc wizard is no longer moving quickly.
The orc wizard mumbles some strange words.
The orc wizard seems to speed up.
The orc wizard completely misses you.
The orc wizard gestures wildly while chanting.
The orc wizard blinks!
An adder comes into view.
The orc wizard hits you but does no damage.
The adder hisses angrily.
Ijyb screams, "No!
No, no, no, no!"
Ijyb zaps a wand.
The bolt of acid hits you.
You die...

... .......
#+#..S....
#.#......#
####.#......#
####............
#.....#.#......#
#...>@ol........
#.....##...###.
#....g##...#
#.....##...#
#..........#
###.....####
#.....# #.....#
#######


You could see Ijyb, an orc wizard, an adder and a leopard gecko.

Vanquished Creatures
  An orc wizard (D:4)
  3 adders
  An ooze (D:3)
  2 worms
  A dart slug (D:2)
  5 orcs
  A bat zombie (D:1)
  A giant cockroach (D:5)
  3 goblins
  3 hobgoblins
  4 bats (D:3)
25 creatures vanquished.

Notes
Turn   | Place    | Note
-------+----------+-------------------------------------------
     0 | D:1      | doot the Gargoyle Earth Elementalist began the quest for
                  | the Orb.
     0 | D:1      | Reached XP level 1. HP: 10/10 MP: 3/3
    99 | D:2      | Reached skill level 4 in Earth Magic
    99 | D:2      | Reached XP level 2. HP: 15/15 MP: 1/5
   140 | D:2      | Reached XP level 3. HP: 19/19 MP: 1/6
   617 | D:3      | Learned a level 3 spell: Stone Arrow
   642 | D:3      | Reached XP level 4. HP: 24/24 MP: 2/8
   956 | D:4      | Reached skill level 5 in Earth Magic
   968 | D:5      | Entered Level 5 of the Dungeon
   990 | D:4      | Noticed Ijyb
  1001 | D:4      | Killed from afar by Ijyb

Skill      XL: |  1  2  3  4 |
---------------+-------------+-----
Earth Magic    | 4 5 |  5.0
Spellcasting   | 3 |  3.0
Dodging        | |  1.9
Stealth        | |  2.5
Transmutations | |  0.7

Action                   |  1- 3 |  4- 6 || total
-------------------------+-------+-------++-------
Melee: Mace              |     5 |    11 ||    16
 Cast: Sandblast         |    29 |     7 ||    36
       Stone Arrow       |       |     3 ||     3
  Use: Potion            |       |     1 ||     1
  Eat: Chunk             |     7 |       ||     7
Armor: Robe              |     2 |    20 ||    22
Dodge: Dodged            |    11 |    40 ||    51
